 Dungeon Crawl Stone Soup version 0.25-a0-855-g681bda5bb4 (webtiles) character file.

Game seed: 3133337314649104869, levelgen mode: deterministic

23 Anathary the Skirmisher (level 2, -3/24 HPs)
             Began as a Demonspawn Berserker on Apr 26, 2020.
             Was a Follower of Trog.
             Slain by a gnoll (5 damage)
             ... on level 1 of the Dungeon.
             The game lasted 00:01:29 (534 turns).

Anathary the Skirmisher (Demonspawn Berserker)       Turns: 534, Time: 00:01:30

Health: -3/24      AC:  2    Str: 17    XL:     2   Next: 72%
Magic:  2/2        EV: 12    Int:  8    God:    Trog [*.....]
Gold:   45         SH:  0    Dex: 14    Spells: 1/1 levels left

rFire    . . .     SeeInvis .   a - +0 falchion
rCold    . . .     Gourm    .   (no shield)
rNeg     . . .     Faith    .   b - +0 animal skin
rPois    .         Spirit   .   (no helmet)
rElec    .         Reflect  .   (no cloak)
rCorr    .         Harm     .   (no gloves)
MR       .....                  (no boots)
Stlth    ++........             (no amulet)
HPRegen  0.08/turn              (no ring)
MPRegen  0.08/turn              (no ring)

@: no status effects
A: thin skeletal structure 1
a: Berserk, Renounce Religion


You were on level 1 of the Dungeon.
You worshipped Trog.
Trog was aware of your devotion.
You were not hungry.

You visited 1 branch of the dungeon, and saw 1 of its levels.

You collected 45 gold pieces.

Inventory:

Hand Weapons
 a - a +0 falchion (weapon)
Armour
 b - a +0 animal skin (worn)
Jewellery
 e - an uncursed ring of resist corrosion {unknown}
 f - an uncursed ring of ice {unknown}
Scrolls
 d - a scroll of amnesia {unknown}
 i - a scroll of remove curse {unknown}
Potions
 g - a potion of lignification {unknown}
 h - a potion of heal wounds {unknown}
 j - a potion of might {unknown}
Comestibles
 c - 2 rations


   Skills:
 + Level 3.5 Fighting
 + Level 3.2 Long Blades
 - Level 1.7 Armour
 - Level 1.7 Dodging


You had one spell level left.
You didn't know any spells.
Your spell library was empty.

Dungeon Overview and Level Annotations

Branches:
Dungeon (1/15)

Altars:


Innate Abilities, Weirdness & Mutations

You have a somewhat thin skeletal structure. (Dex +2, Stealth)


Message History

You hit the gnoll but do no damage. The gnoll hits you.
You closely miss the gnoll. The gnoll closely misses you.
You hit the gnoll but do no damage. The gnoll hits you.
You barely miss the gnoll. The gnoll barely misses you.
You hit the gnoll.
The gnoll is lightly wounded.
The gnoll hits you.
* * * LOW HITPOINT WARNING * * *
You hit the gnoll.
The gnoll is moderately wounded.
The gnoll hits you.
* * * LOW HITPOINT WARNING * * *
The gnoll hits you but does no damage.
You hit the gnoll.
The gnoll is severely wounded.
The gnoll closely misses you.
You barely miss the gnoll.
The gnoll is severely wounded.
The gnoll hits you.
You die...

..# .# #....#.#######
..# #....#(### #.#
#####....#...# ..#
#..$........)#######
..#
.###.#.##.#).......
#.#
#....#..#...†.....
..#
......#.##.#........
.>#
######.#!##.#........
###
#...@gh.#.(#..#######
# #.####.#.##.#.# # #
#........# #
........## h.......##
.......### .h......#
..h......#
..........#


You could see a gnoll and a jackal.

Vanquished Creatures
  2 giant cockroaches (D:1)
  A goblin (D:1)
  4 hobgoblins (D:1)
  3 jackals (D:1)
  A kobold (D:1)
  5 bats (D:1)
  3 rats (D:1)
19 creatures vanquished.

Notes
Turn   | Place    | Note
-------+----------+-------------------------------------------
     0 | D:1      | Anathary the Demonspawn Berserker began the quest for the
                  | Orb.
     0 | D:1      | Reached XP level 1. HP: 18/18 MP: 1/1
   188 | D:1      | Gained mutation: You have a somewhat thin skeletal
                  | structure. (Dex +2, Stealth) [demonic ancestry]
   188 | D:1      | Reached XP level 2. HP: 24/24 MP: 2/2
   534 | D:1      | Slain by a gnoll

Levels and vault maps discovered:
D:1:      lemuel_arrival_broad_hall, layout_basic, minmay_small_reverse_x

Skill      XL: |  1 |
---------------+----+-----
Long Blades    | 3 |  3.2
Fighting       | |  3.5
Armour         | |  1.7
Dodging        | |  1.7

Action                   || total
-------------------------++-------
Melee: Falchion          ||    48
 Stab: Sleeping          ||     3
Armor: Animal skin       ||     5
Dodge: Dodged            ||    37
       Rpst.: Falchion   ||    15

Table legend:
 A = Non-vault XP
 B = Vault XP
 C = Vault XP percentage of total XP
 D = Non-vault monster count
 E = Vault monster count
 F = Vault count percentage of total count
                 A         B        C        D         E       F
            +---------+---------+-------+---------+---------+-------
      Total |      26 |       7 |  21.2 |      15 |       4 |  21.1
            +---------+---------+-------+---------+---------+-------
        D:1 |      26 |       7 |  21.2 |      15 |       4 |  21.1
            +---------+---------+-------+---------+---------+-------
